 Dungeon Crawl Stone Soup version 0.21.0-25-ge575cb9 (webtiles) character file.

7 Monsterracer the Ducker (level 1, -2/16 HPs)
             Began as a Spriggan Gladiator on Jan 26, 2018.
             Slain by an adder (3 damage)
             ... on level 3 of the Dungeon.
             The game lasted 00:02:29 (678 turns).

Monsterracer the Ducker (Spriggan Gladiator)         Turns: 678, Time: 00:02:30

Health: -2/16      AC: 20    Str: 10    XL:     1   Next: 83%
Magic:  2/2        EV:  4    Int:  9    God:
Gold:   18         SH:  0    Dex: 17    Spells: 0/0 levels left

rFire    . . .     SeeInvis +   a - +0 long sword {!a}
rCold    . . .     Gourm    .   (shield restricted)
rNeg     + + +     Faith    .   (armour currently unavailable)
rPois    +         Spirit   .   (helmet currently unavailable)
rElec    .         Reflect  .   (cloak currently unavailable)
rCorr    .         Harm     .   (gloves unavailable)
MR       .....     NoTele   +   (boots unavailable)
Stlth    ++........             (no amulet)
HPRegen  0.05/turn              (no ring)
MPRegen  0.08/turn              (no ring)

@: tree-form, hasted, very quick
A: very small, unfitting armour, see invisible, herbivore, slow metabolism 2
a: no special abilities


You were on level 3 of the Dungeon.
You were not hungry.
You were a tree.
You visited 1 branch of the dungeon, and saw 3 of its levels.

You collected 18 gold pieces.

Inventory:

Hand Weapons
 a - a +0 long sword (weapon) {!a}
Missiles
 d - 3 throwing nets (quivered)
Armour
 b - a +0 robe (melded)
 f - a +0 hat (melded)
Potions
 e - 2 potions of mutation {!q}
 i - a potion of invisibility {unknown}
 j - a potion of agility {unknown}
 k - a potion of haste
Comestibles
 c - 2 rations


   Skills:
 * Level 1.8 Fighting
 - Level 2.4 Long Blades
 - Level 2.0 Throwing
 * Level 4.7 Dodging
 + Level 0.9 Stealth


You couldn't memorise any spells.
You didn't know any spells.

Dungeon Overview and Level Annotations

Branches:
Dungeon (3/15)

Altars:


Innate Abilities, Weirdness & Mutations

You are very small and have problems with some larger weapons.
You are too small for most types of armour.
You have supernaturally acute eyesight. (SInv)
You are a herbivore.
((You cover ground extremely quickly.))
You need consume almost no food.


Message History

You take 1 damage, and have 10/11 hp.
The bat closely misses you.
You riposte.
You miss the bat. The bat closely misses you. The bat completely misses you.
Health restored: 11 The bat completely misses you.
The bat misses you. The bat misses you. The bat misses you.
The bat closely misses you. The bat closely misses you. The bat misses you.
The bat completely misses you.
You riposte.
You hit the bat but do no damage. The bat completely misses you.
The bat closely misses you. The bat barely misses you.
You riposte.
You hit the bat.
You kill the bat!
Found a stone staircase leading down.
A worm comes into view.
A worm is nearby!
You don't know any spells.
You can't go down here!
Unknown command.
You don't know any spells.
There is a stone staircase leading down here.
You climb downwards.
There is a stone staircase leading up here.
The hobgoblin shouts!
The orc shouts!
The frilled lizard hisses angrily.
The orc shouts!
A dart slug comes into view.
Found 7 gold pieces.
Found 16 stones.
You see here 7 gold pieces.
You now have 18 gold pieces (gained 7).
A jackal comes into view.
A jackal comes into view.
The hobgoblin shouts!
The jackal barks!
The jackal moves out of view.
The orc shouts!
You see here a scroll labeled WUGONLADIV.
l - a scroll labeled WUGONLADIV The giant cockroach closely misses you.
The giant cockroach misses you.
You riposte.
You barely miss the giant cockroach. The hobgoblin misses you.
The orc misses you.
You riposte.
You closely miss the orc. The orc barely misses you.
The hobgoblin barely misses you.
You riposte.
You hit the hobgoblin but do no damage.
A leopard gecko and an adder come into view.
The leopard gecko hisses angrily.
The adder hisses angrily.
An adder comes into view.
The leopard gecko hisses menacingly.
Found a stone staircase leading down.
The adder hisses angrily.
The giant cockroach waves its antennae.
You see here a ration.
c - 2 rations (gained 1)
The adder bites you. The adder misses you.
You riposte.
You hit the adder.
The adder is heavily wounded.
You take 3 damage, and have 8/11 hp.
MASSIVE DAMAGE!!
The adder bites you.
* * * LOW HITPOINT WARNING * * *
You take 3 damage, and have 5/11 hp.
MASSIVE DAMAGE!!
You see here 3 curare-tipped needles.
A leopard gecko and an orc come into view.
The leopard gecko hisses angrily.
A kobold comes into view. It is wielding a club.
As you read the scroll labeled QUCSUR XYHEU, it crumbles to dust.
It is a scroll of identify.
e - 2 potions of mutation
As you read the scroll labeled WUGONLADIV, it crumbles to dust.
You feel strangely unstable.
It was a scroll of teleportation.
The adder misses you.
You riposte.
You miss the adder. The orc hits you.
* * * LOW HITPOINT WARNING * * *
You take 5 damage, and have 1/11 hp.
MASSIVE DAMAGE!!
It was a potion of haste.
You feel yourself speed up.
The kobold shouts!
The adder completely misses you. The orc misses you.
It was a potion of lignification.
You turn into a tree.
Your +0 hat melds into your body.
Your +0 robe melds into your body.
Your roots penetrate the ground.
You feel strangely stable. The adder bites you but does no damage.
The orc hits you but does no damage.
You now have 1/16 hp.
The adder bites you but does no damage. The adder bites you but does no damage.
The orc hits you but does no damage. The adder bites you but does no damage.
The orc hits you but does no damage. The adder bites you but does no damage.
The orc hits you but does no damage. The adder bites you but does no damage.
A kobold comes into view. It is wielding a whip.
The kobold shouts!
The orc hits you but does no damage. The adder bites you but does no damage.
The adder bites you but does no damage. The orc closely misses you.
The adder completely misses you.
You riposte.
You hit the adder.
The adder is heavily wounded.
The orc hits you but does no damage. The adder bites you but does no damage.
The orc hits you but does no damage. The adder bites you.
You die...

.. . .## .K# #K#
#l# #o#
#♣#...>......## ..
#S#..........#. ..
#S# ........... #.
#g# ..........##.
#o#####....## ..#S
#Sh.........# #.#.
##l(........###l#.
##......g.s...o.S.
#...<......#####..


You could see 3 adders, 2 orcs, 2 leopard geckos, a jackal, a hobgoblin and 2
kobolds.

Vanquished Creatures
  3 giant cockroaches
  A hobgoblin (D:2)
  2 bats (D:2)
6 creatures vanquished.

Notes
Turn   | Place    | Note
-------+----------+-------------------------------------------
     0 | D:1      | Monsterracer the Spriggan Gladiator began the quest for the Orb.
     0 | D:1      | Reached XP level 1. HP: 10/10 MP: 2/2
   166 | D:2      | Found a faded altar of an unknown god.
   221 | D:2      | HP: 5/11 [bat (1)]
   255 | D:2      | HP: 5/11 [bat (1)]
   277 | D:3      | Noticed an ogre
   301 | D:2      | HP: 4/11 [hobgoblin (2)]
   655 | D:3      | HP: 5/11 [adder (3)]
   665 | D:3      | HP: 1/11 [orc (5)]
   678 | D:3      | Slain by an adder

Action                   || total
-------------------------++-------
  Use: Scroll            ||     2
       Potion            ||     2
Armor: Skin              ||    16
       Robe              ||    11
Dodge: Dodged            ||   135
       Rpst.: Long sword ||    43

Vault maps used:
D:1:      minmay_arrival_semitransparent
D:2:      chequers_ecumenical_altar_simple, minmay_pentomino_r2
D:3:      zin_purify
